[Event "42nd Olympiad Baku 2016 Women"]
[Site "Baku"]
[Date "2016.09.08"]
[Round "6.24"]
[White "Barbier, Astrid"]
[Black "Smith, Melisha"]
[Result "1-0"]
[ECO "B23"]
[WhiteElo "1825"]
[BlackElo "1719"]
[Annotator ""]
[PlyCount "69"]
[EventDate "2016.??.??"]
[EventType "team-tourn"]
[EventCountry "AZE"]
[SourceTitle "playchess.com"]
[Source "ChessBase"]
[WhiteTeam "Belgium"]
[BlackTeam "Jamaica"]
[WhiteTeamCountry "BEL"]
[BlackTeamCountry "JAM"]
[TimeControl "40/5400+30:1800+30"]

1. e4 {(00:00} c5 {(00:00} 2. Nc3 {(00:00} d6 {(
00:38} 3. f4 {(00:04} e6 {(00:59} 4. Nf3 {(01:37} Nc6
{(00:41} 5. Bb5 {(01:48} Qc7 {(01:42} 6. O-O {(
02:27} g6 {(01:31} 7. Qe1 {(18:00} Nge7 {(02:46} 8.
Bxc6+ {(17:56} bxc6 {(01:34} 9. d3 {(09:33} Bg7 {
(01:49} 10. Qh4 {(18:38} d5 {(05:46} 11. e5 {(
02:29} Nf5 {(02:15} 12. Qf2 {(01:15} d4 {(11:21} 13.
Ne4 {(01:19} Qe7 {(03:59} 14. g4 {(01:39} Nh6 {(
00:55} 15. Qg2 {(02:18} Bb7 {(04:58} 16. b3 {(01:59}
O-O-O {(00:54} 17. Nfd2 {(03:29} Kb8 {(03:49} 18. b4 {
(03:31} cxb4 {(02:23} 19. a3 {(00:40} c5 {(01:
40} 20. Bb2 {(02:40} Ng8 {(03:33} 21. axb4 {(01:30}
cxb4 {(01:10} 22. Qf2 {(00:20} Qd7 {(01:09} 23. Nc5 {
(00:54} Qd5 {(05:52} 24. Nxb7 {(00:08} Kxb7 {(
01:02} 25. Ra4 {(00:31} Bf8 {(01:16} 26. Nb3 {(01:23}
Bc5 {(02:40} 27. Ra5 {(00:29} Rc8 {(01:50} 28. Rfa1 {
(00:38} Nh6 {(08:01} 29. h3 {(01:02} Rhd8 {(00:
45} 30. Rb5+ {(01:43} Ka8 {(08:43} 31. Nxc5 {(00:11}
Rxc5 {(00:46} 32. Rxb4 {(00:18} Rd7 {(04:19} 33. Rxd4 {
(01:20} Qb7 {(03:01} 34. Rxd7 {(00:27} Qxb2 {(
03:17} 35. Raxa7+ {(00:27} 1-0

[Event "42nd Olympiad Baku 2016 Women"]
[Site "Baku"]
[Date "2016.09.08"]
[Round "6.22"]
[White "Batchimeg, Tuvshintugs"]
[Black "Blagojevic, Tijana"]
[Result "0-1"]
[ECO "D43"]
[WhiteElo "2391"]
[BlackElo "2223"]
[Annotator ""]
[PlyCount "72"]
[EventDate "2016.??.??"]
[EventType "team-tourn"]
[EventCountry "AZE"]
[SourceTitle "playchess.com"]
[Source "ChessBase"]
[WhiteTeam "Mongolia"]
[BlackTeam "Montenegro"]
[WhiteTeamCountry "MGL"]
[BlackTeamCountry "MNE"]
[TimeControl "40/5400+30:1800+30"]

1. d4 {(00:00} d5 {(00:00} 2. c4 {(00:03} c6 {(
00:00} 3. Nf3 {(00:13} Nf6 {(00:01} 4. Nc3 {(00:19} e6
{(00:10} 5. Bg5 {(00:25} Nbd7 {(00:08} 6. cxd5 {
(00:28} exd5 {(00:07} 7. e3 {(00:19} Be7 {(01:
15} 8. Qc2 {(00:24} Nh5 {(00:13} 9. Bxe7 {(01:56} Qxe7
{(00:07} 10. O-O-O {(02:45} Nb6 {(00:55} 11. Bd3 {
(03:59} g6 {(05:08} 12. h3 {(01:42} Be6 {(00:41]
} 13. Na4 {(03:36} Nxa4 {(00:44} 14. Qxa4 {(00:05} O-O
{(01:22} 15. g4 {(06:25} Ng7 {(02:01} 16. Qc2 {(
01:16} c5 {(02:09} 17. dxc5 {(00:48} Rfc8 {(00:05} 18.
Kb1 {(00:13} Rxc5 {(00:55} 19. Qd2 {(00:36} Ne8 {
(01:31} 20. Nd4 {(09:10} Nd6 {(00:36} 21. f3 {(
09:18} Nc4 {(08:02} 22. Bxc4 {(07:32} dxc4 {(00:06}
23. h4 {(19:01} c3 {(01:41} 24. bxc3 {(03:09} Rac8 {
(00:37} 25. Rc1 {(18:07} Qc7 {(01:37} 26. Kb2 {(
05:05} Qb6+ {(00:49} 27. Nb3 {(01:18} a5 {(01:43} 28.
Qd4 {(03:49} a4 {(07:23} 29. Qxa4 {(00:19} Rc4 {
(00:38} 30. Qa5 {(01:19} Qxe3 {(00:43} 31. Rhd1 {
(00:47} Qxf3 {(03:29} 32. h5 {(00:32} Rxg4 {(09:
33} 33. h6 {(00:29} Rg2+ {(00:47} 34. Ka3 {(00:54} b6
{(02:13} 35. Qe5 {(00:19} Qa8+ {(01:26} 36. Kb4 {
(00:35} Rc4+ {(00:40} 0-1

[Event "42nd Olympiad Baku 2016 Women"]
[Site "Baku"]
[Date "2016.09.08"]
[Round "6.15"]
[White "Batsiashvili, Nino"]
[Black "Mammadova, Gulnar"]
[Result "0-1"]
[ECO "D10"]
[WhiteElo "2474"]
[BlackElo "2304"]
[Annotator ""]
[PlyCount "144"]
[EventDate "2016.??.??"]
[EventType "team-tourn"]
[EventCountry "AZE"]
[SourceTitle "playchess.com"]
[Source "ChessBase"]
[WhiteTeam "Georgia"]
[BlackTeam "Azerbaijan"]
[WhiteTeamCountry "GEO"]
[BlackTeamCountry "AZE"]
[TimeControl "40/5400+30:1800+30"]

1. d4 {(00:00} d5 {(00:00} 2. c4 {(00:00} c6 {(
00:00} 3. cxd5 {(00:03} cxd5 {(00:00} 4. Bf4 {(00:37}
Nc6 {(00:13} 5. e3 {(00:16} Nf6 {(00:31} 6. Nc3 {
(00:13} Bg4 {(00:43} 7. Qb3 {(00:20} Na5 {(00:
14} 8. Qa4+ {(00:08} Bd7 {(00:07} 9. Qc2 {(00:06} e6 {
(00:29} 10. Bd3 {(00:14} Be7 {(00:42} 11. Nf3 {(
00:35} Rc8 {(00:14} 12. O-O {(00:53} O-O {(02:03} 13.
Rac1 {(04:46} a6 {(01:38} 14. Qe2 {(09:29} Bc6 {
(02:55} 15. Ne5 {(00:56} b5 {(03:00} 16. a4 {(
13:22} b4 {(06:04} 17. Bxa6 {(12:09} bxc3 {(01:02} 18.
Bxc8 {(00:08} Qxc8 {(00:22} 19. Rxc3 {(00:04} Qa8 {
(12:09} 20. Nxc6 {(02:37} Nxc6 {(00:06} 21. Rfc1 {
(07:10} Na5 {(06:57} 22. Rc7 {(05:59} Re8 {(02:
09} 23. Qc2 {(05:51} Bd8 {(05:18} 24. Rc8 {(03:20} Qa6
{(02:53} 25. b3 {(06:00} Nd7 {(06:05} 26. Qc3 {(
04:28} Nb6 {(07:00} 27. Rc5 {(01:38} Nd7 {(00:57} 28.
Rb5 {(00:47} Bb6 {(01:29} 29. h3 {(00:26} h6 {(
03:13} 30. Qb4 {(02:48} Qa7 {(03:33} 31. Bd6 {(03:37}
Ra8 {(04:56} 32. Rc3 {(02:20} Kh7 {(04:39} 33. Qa3 {
(04:13} Qa6 {(05:07} 34. Bc7 {(02:40} Nc4 {(07:
07} 35. Qe7 {(06:36} Bxc7 {(00:25} 36. Qxd7 {(00:04}
Ba5 {(02:14} 37. bxc4 {(02:02} Ra7 {(02:20} 38. Qe8 {
(01:08} Bxc3 {(00:18} 39. cxd5 {(00:38} exd5 {(
00:46} 40. Rb8 {(00:00} Rb7 {(00:00} 41. Rd8 {(12:16}
Qe6 {(08:27} 42. Qxe6 {(03:18} fxe6 {(00:02} 43. Rd6 {
(00:06} Rb1+ {(01:48} 44. Kh2 {(00:08} e5 {(02:
53} 45. Rxd5 {(01:24} exd4 {(00:05} 46. exd4 {(01:57}
Ra1 {(01:33} 47. Rd7 {(06:38} Rxa4 {(00:24} 48. d5 {
(00:03} Be5+ {(02:23} 49. g3 {(00:09} Ra2 {(00:
22} 50. Kg2 {(00:14} Bd4 {(01:25} 51. Rf7 {(00:20} Bf6
{(03:55} 52. Kf3 {(05:02} Kg8 {(01:24} 53. Rb7 {
(00:46} Bd4 {(01:56} 54. d6 {(00:27} Rxf2+ {(00:
43} 55. Ke4 {(02:49} Bf6 {(00:23} 56. d7 {(00:07} Rd2
{(01:35} 57. Kf5 {(00:13} Kf8 {(05:32} 58. Ke6 {
(02:38} Re2+ {(00:17} 59. Kd6 {(01:05} Be5+ {(
01:09} 60. Kc6 {(00:22} Ke7 {(01:04} 61. g4 {(00:43}
Rd2 {(01:14} 62. Rb3 {(00:59} Rd6+ {(01:19} 63. Kc5 {
(00:04} Rxd7 {(00:03} 64. Rf3 {(00:19} Ke6 {(00:
12} 65. Kc4 {(00:34} Rc7+ {(00:31} 66. Kb4 {(00:01}
Kd5 {(00:10} 67. Rf5 {(00:34} Rb7+ {(00:55} 68. Ka4 {
(00:12} Ke4 {(02:06} 69. Rf1 {(01:09} Rb2 {(00:
56} 70. Rf5 {(00:16} Rh2 {(00:21} 71. Rh5 {(00:04} Bf4
{(00:28} 72. Kb5 {(01:47} Bg5 {(00:10} 0-1

[Event "42nd Olympiad Baku 2016 Women"]
[Site "Baku"]
[Date "2016.09.08"]
[Round "6.23"]
[White "Bengtsson, Jessica"]
[Black "Matnadze, Ana"]
[Result "0-1"]
[ECO "B06"]
[WhiteElo "2005"]
[BlackElo "2383"]
[Annotator ""]
[PlyCount "96"]
[EventDate "2016.??.??"]
[EventType "team-tourn"]
[EventCountry "AZE"]
[SourceTitle "playchess.com"]
[Source "ChessBase"]
[WhiteTeam "Sweden"]
[BlackTeam "Spain"]
[WhiteTeamCountry "SWE"]
[BlackTeamCountry "ESP"]
[TimeControl "40/5400+30:1800+30"]

1. e4 {(00:00} g6 {(00:00} 2. d4 {(00:00} Bg7 {(
00:00} 3. Nc3 {(00:26} d6 {(00:02} 4. Nf3 {(01:00} a6
{(00:13} 5. a4 {(01:56} Nf6 {(05:46} 6. h3 {(01:
25} O-O {(01:30} 7. Be3 {(01:03} b6 {(05:36} 8. Bd3 {
(04:48} Bb7 {(00:25} 9. O-O {(00:45} c5 {(03:30]
} 10. Qe2 {(12:56} cxd4 {(04:52} 11. Nxd4 {(06:21} Nbd7
{(04:13} 12. Nb3 {(10:24} Ne5 {(08:42} 13. Bd4 {
(06:39} Nxd3 {(02:44} 14. Qxd3 {(00:26} e5 {(04:
50} 15. Be3 {(00:26} d5 {(05:38} 16. Nxd5 {(07:43}
Bxd5 {(07:34} 17. exd5 {(00:07} Nxd5 {(00:27} 18. Rfd1
{(09:33} Nxe3 {(00:56} 19. Qxe3 {(00:05} Qc7 {(
00:21} 20. Rac1 {(14:16} Rfe8 {(05:55} 21. Nd2 {(02:21]
} e4 {(00:58} 22. c4 {(06:57} Rad8 {(08:51} 23. Nf1 {
(05:03} Bxb2 {(00:51} 24. Rxd8 {(01:25} Qxd8 {(
00:29} 25. Rb1 {(00:23} Bd4 {(01:10} 26. Qb3 {(00:48}
Qg5 {(04:32} 27. Ne3 {(00:22} Qc5 {(00:42} 28. Rf1 {
(02:42} Re6 {(01:01} 29. Nd5 {(01:14} Kg7 {(00:
36} 30. Ne3 {(01:03} Rf6 {(00:45} 31. Ng4 {(01:01} Rc6
{(01:06} 32. Rc1 {(00:34} b5 {(01:44} 33. axb5 {
(00:04} axb5 {(00:05} 34. Ne3 {(01:06} Bxe3 {(
08:16} 35. fxe3 {(00:40} bxc4 {(01:10} 36. Qc3+ {(00:
01} f6 {(00:51} 37. Rd1 {(00:25} Rc7 {(01:55} 38. Rd8
{(01:02} Rb7 {(00:40} 39. Rd4 {(01:16} Rb1+ {(
02:15} 40. Kh2 {(00:00} Qe5+ {(00:00} 41. g3 {(00:43}
Qf5 {(04:05} 42. Qc2 {(11:03} Qf1 {(01:50} 43. Qg2 {
(00:59} Qc1 {(09:37} 44. Rd7+ {(05:22} Kh6 {(00:
08} 45. Rd2 {(00:19} c3 {(00:06} 46. Rf2 {(01:17} Rb2
{(01:06} 47. g4 {(01:29} Rxf2 {(00:09} 48. Qxf2 {
(00:03} Qd2 {(00:27} 0-1

[Event "42nd Olympiad Baku 2016 Women"]
[Site "Baku"]
[Date "2016.09.08"]
[Round "6.19"]
[White "Berezovska Svetlana"]
[Black "Garcia Mendez, Alcira Guadalupe"]
[Result "1-0"]
[ECO "A08"]
[WhiteElo "1794"]
[BlackElo "1815"]
[Annotator ""]
[PlyCount "59"]
[EventDate "2016.??.??"]
[EventType "team-tourn"]
[EventCountry "AZE"]
[SourceTitle "playchess.com"]
[Source "ChessBase"]
[WhiteTeam "Monaco"]
[BlackTeam "El Salvador"]
[WhiteTeamCountry "MNC"]
[BlackTeamCountry "ESA"]
[TimeControl "40/5400+30:1800+30"]

1. Nf3 {(00:00} d5 {(00:03} 2. g3 {(00:00} c5 {(
01:33} 3. Bg2 {(01:21} Nc6 {(00:07} 4. d4 {(01:15} e6
{(02:04} 5. O-O {(00:42} Nf6 {(00:06} 6. b3 {(
02:38} Bd6 {(00:47} 7. Bb2 {(01:52} O-O {(00:41} 8.
Na3 {(06:23} a6 {(02:26} 9. c4 {(03:07} cxd4 {(
07:29} 10. cxd5 {(03:53} exd5 {(10:35} 11. Nc2 {(02:37]
} Bf5 {(10:43} 12. Ncxd4 {(04:11} Nxd4 {(00:11} 13.
Nxd4 {(00:35} Be4 {(00:27} 14. Bxe4 {(08:25} dxe4 {
(00:32} 15. Nf5 {(02:36} Bc7 {(09:42} 16. Qc1 {(
06:33} Rc8 {(01:02} 17. Qg5 {(07:33} Ne8 {(05:43} 18.
Ne7+ {(10:47} Kh8 {(01:05} 19. Rfd1 {(04:34} Bd6 {
(02:05} 20. Rxd6 {(02:44} Qxd6 {(04:28} 21. Nxc8 {
(00:14} Qe6 {(01:22} 22. Rc1 {(00:48} f6 {(02:
06} 23. Qc5 {(01:09} Rf7 {(03:08} 24. Qc4 {(04:12}
Qxc4 {(08:32} 25. Rxc4 {(00:21} f5 {(00:05} 26. Rd4 {
(01:57} Nf6 {(02:42} 27. Rd8+ {(00:44} Ng8 {(00:
07} 28. Ba3 {(02:00} h6 {(00:51} 29. Ne7 {(00:17} Rxe7
{(00:07} 30. Bxe7 {(00:10} 1-0

[Event "42nd Olympiad Baku 2016 Women"]
[Site "Baku"]
[Date "2016.09.08"]
[Round "6.19"]
[White "Beydullayeva, Govhar"]
[Black "Jorquera Cabello, Valentina"]
[Result "1/2-1/2"]
[ECO "E92"]
[WhiteElo "1994"]
[BlackElo "2019"]
[Annotator ""]
[PlyCount "108"]
[EventDate "2016.??.??"]
[EventType "team-tourn"]
[EventCountry "AZE"]
[SourceTitle "playchess.com"]
[Source "ChessBase"]
[WhiteTeam "Azerbaijan"]
[BlackTeam "Chile"]
[WhiteTeamCountry "AZE"]
[BlackTeamCountry "CHI"]
[TimeControl "40/5400+30:1800+30"]

1. d4 {(00:00} Nf6 {(00:00} 2. c4 {(00:00} g6 {(
00:00} 3. Nc3 {(00:00} Bg7 {(00:00} 4. e4 {(00:03} d6
{(00:00} 5. Nf3 {(00:05} O-O {(00:02} 6. Be2 {(
00:15} e5 {(00:13} 7. Be3 {(00:17} Na6 {(00:12} 8. O-O
{(00:47} Qe7 {(00:26} 9. d5 {(03:43} Ng4 {(00:
24} 10. Bg5 {(00:09} f6 {(00:04} 11. Bh4 {(00:51} h5 {
(00:09} 12. Nd2 {(02:11} c5 {(01:04} 13. dxc6 {(
05:00} bxc6 {(00:18} 14. a3 {(03:27} Nh6 {(26:14} 15.
f3 {(01:37} g5 {(03:38} 16. Bf2 {(00:28} f5 {(
24:17} 17. exf5 {(11:01} Nxf5 {(01:44} 18. Nde4 {(01:
50} Nc7 {(08:02} 19. b4 {(04:08} Ne6 {(07:19} 20. b5 {
(13:31} Bb7 {(00:39} 21. bxc6 {(04:46} Bxc6 {(
00:02} 22. Nd5 {(01:01} Bxd5 {(01:57} 23. Qxd5 {(07:43]
} Kh8 {(00:15} 24. Qd2 {(14:25} Nfd4 {(00:57} 25. Rab1
{(01:32} Nf4 {(06:19} 26. Bxd4 {(03:22} exd4 {(
00:02} 27. Rb5 {(02:51} d5 {(06:38} 28. cxd5 {(03:10}
Qxa3 {(00:11} 29. g3 {(06:06} Nxe2+ {(02:16} 30. Qxe2 {
(00:04} Qe3+ {(02:21} 31. Qxe3 {(01:57} dxe3 {(
00:02} 32. Kg2 {(03:13} Rac8 {(03:08} 33. d6 {(03:54}
Rc2+ {(00:24} 34. Kg1 {(00:47} e2 {(01:38} 35. Re1 {
(00:27} Bd4+ {(05:31} 36. Kg2 {(00:37} Bb6 {(01:
00} 37. Rxg5 {(01:05} h4 {(00:19} 38. Rh5+ {(00:49}
Kg8 {(00:16} 39. Rg5+ {(00:26} Kf7 {(00:25} 40. Rf5+ {
(00:00} Kg7 {(00:00} 41. Re5 {(10:03} h3+ {(01:
35} 42. Kxh3 {(00:08} Rxf3 {(00:40} 43. Ng5 {(02:41}
Rf2 {(00:41} 44. d7 {(05:54} Kf6 {(15:00} 45. Re6+ {
(05:04} Kxg5 {(00:54} 46. Rxb6 {(00:05} Rd2 {(
00:23} 47. Rb5+ {(00:39} Kf6 {(00:41} 48. Rb8 {(00:23}
Rxd7 {(01:50} 49. Rf8+ {(00:31} Rf7 {(00:07} 50. Rxf7+
{(00:14} Kxf7 {(00:02} 51. g4 {(00:28} Rf3+ {(
00:18} 52. Kg2 {(00:18} Re3 {(01:36} 53. Kf2 {(00:12}
Rh3 {(01:20} 54. Kg2 {(00:08} Re3 1/2-1/2

[Event "42nd Olympiad Baku 2016 Women"]
[Site "Baku"]
[Date "2016.09.08"]
[Round "6.11"]
[White "Biryukov, Alice"]
[Black "A-ALI, Sali Abbas Abdulzah"]
[Result "1-0"]
[ECO "C11"]
[WhiteElo "1898"]
[BlackElo "1728"]
[Annotator ""]
[PlyCount "57"]
[EventDate "2016.??.??"]
[EventType "team-tourn"]
[EventCountry "AZE"]
[SourceTitle "playchess.com"]
[Source "ChessBase"]
[WhiteTeam "Luxembourg"]
[BlackTeam "Iraq"]
[WhiteTeamCountry "LUX"]
[BlackTeamCountry "IRQ"]
[TimeControl "40/5400+30:1800+30"]

1. e4 {(00:00} e6 {(00:00} 2. Nf3 {(00:00} d5 {(
00:02} 3. Nc3 {(00:10} dxe4 {(01:39} 4. Nxe4 {(00:11}
Nd7 {(00:15} 5. d4 {(02:15} Ngf6 {(00:21} 6. Nxf6+ {
(04:20} Nxf6 {(00:08} 7. Bd3 {(00:37} Be7 {(00:
51} 8. O-O {(01:16} O-O {(00:17} 9. Be3 {(08:50} b6 {
(00:41} 10. c3 {(07:07} Bb7 {(00:51} 11. Ne5 {(
04:21} Rc8 {(01:50} 12. Qe2 {(04:02} c5 {(01:11} 13.
Rfd1 {(04:14} cxd4 {(09:41} 14. Bxd4 {(02:31} Qc7 {
(02:13} 15. Rd2 {(23:23} Bc5 {(02:13} 16. Bxc5 {
(00:50} Qxc5 {(00:21} 17. Rad1 {(01:02} g6 {(04:
02} 18. Bc2 {(04:18} Bd5 {(03:38} 19. Rd4 {(05:13} b5
{(02:04} 20. Qe3 {(01:29} Kg7 {(00:54} 21. Qg5 {
(04:14} h6 {(02:15} 22. Qg3 {(02:18} Nh5 {(00:
35} 23. Qd3 {(05:06} Rfd8 {(03:40} 24. Nxf7 {(04:30}
Kxf7 {(02:14} 25. Qxg6+ {(00:08} Ke7 {(00:10} 26. Qxh5
{(00:30} Rg8 {(00:50} 27. g3 {(01:00} Rcf8 {(01:
40} 28. Qe5 {(01:44} Rf5 {(00:29} 29. Bxf5 1-0

[Event "42nd Olympiad Baku 2016 Women"]
[Site "Baku"]
[Date "2016.09.08"]
[Round "6.29"]
[White "Boric, Elena"]
[Black "Milliet, Sophie"]
[Result "0-1"]
[ECO "A04"]
[WhiteElo "2216"]
[BlackElo "2362"]
[Annotator ""]
[PlyCount "104"]
[EventDate "2016.??.??"]
[EventType "team-tourn"]
[EventCountry "AZE"]
[SourceTitle "playchess.com"]
[Source "ChessBase"]
[WhiteTeam "Bosnia  Herzegovina"]
[BlackTeam "France"]
[WhiteTeamCountry "BIH"]
[BlackTeamCountry "FRA"]
[TimeControl "40/5400+30:1800+30"]

1. Nf3 {(00:00} c5 {(00:00} 2. g3 {(00:40} Nc6 {
(00:04} 3. Bg2 {(00:15} g6 {(00:09} 4. O-O {(00:
38} Bg7 {(00:04} 5. e4 {(01:25} d6 {(01:39} 6. d3 {
(01:28} e5 {(00:39} 7. Nc3 {(01:35} Nge7 {(00:
51} 8. Nh4 {(01:07} O-O {(06:18} 9. f4 {(01:35} exf4 {
(00:34} 10. Bxf4 {(06:52} Nd4 {(18:50} 11. Qd2 {
(04:41} Be6 {(06:13} 12. h3 {(04:20} Qd7 {(03:
31} 13. Kh2 {(00:13} Rae8 {(03:33} 14. Rae1 {(06:03}
d5 {(04:01} 15. e5 {(20:04} Nec6 {(03:26} 16. Nd1 {
(08:42} Nf5 {(01:26} 17. Nf3 {(04:40} d4 {(01:
25} 18. Nf2 {(10:22} Bd5 {(07:00} 19. Ng4 {(00:23} Ne3
{(06:18} 20. Nxe3 {(04:46} dxe3 {(00:17} 21. Rxe3 {
(02:42} Bxf3 {(01:13} 22. Rexf3 {(02:45} Nxe5 {(
00:29} 23. R3f2 {(04:22} Re6 {(00:52} 24. Bh6 {(01:54}
b6 {(05:49} 25. Bxg7 {(00:30} Kxg7 {(00:02} 26. Qf4 {
(00:32} f6 {(02:20} 27. Qh4 {(02:39} h5 {(08:31]
} 28. Qf4 {(00:25} Qd4 {(03:13} 29. Qxd4 {(00:19} cxd4
{(00:01} 30. Bd5 {(00:49} Rd6 {(00:02} 31. Bb3 {
(00:44} g5 {(02:55} 32. Rf5 {(01:41} Re8 {(01:
10} 33. Kg2 {(00:26} h4 {(01:28} 34. gxh4 {(00:48} Ng6
{(00:13} 35. Kh2 {(04:45} Nxh4 {(00:25} 36. R5f2 {
(00:16} Re3 {(00:25} 37. Bc4 {(00:33} Kg6 {(04:
26} 38. c3 {(00:16} f5 {(00:56} 39. cxd4 {(01:21} Rxd4
{(00:30} 40. Ba6 {(00:00} Rd8 {(00:00} 41. Rc1 {
(05:10} g4 {(19:22} 42. hxg4 {(00:38} fxg4 {(00:
05} 43. Rfc2 {(07:00} Nf3+ {(04:13} 44. Kg3 {(01:55}
Ne1+ {(03:05} 45. Kf4 {(01:44} Rf3+ {(00:20} 46. Ke4 {
(01:17} Nxc2 {(00:19} 47. Rxc2 {(00:21} Re8+ {(
00:13} 48. Kd4 {(00:29} g3 {(00:38} 49. Rc6+ {(03:42}
Rf6 {(00:33} 50. Rc1 {(02:24} g2 {(02:58} 51. Rg1 {
(02:00} Re2 {(00:13} 52. Bb7 {(00:44} Rff2 {(00:
09} 0-1

[Event "42nd Olympiad Baku 2016 Women"]
[Site "Baku"]
[Date "2016.09.08"]
[Round "6.19"]
[White "Botez, Alexandra"]
[Black "Jorge, Rita Maria Osorio"]
[Result "1/2-1/2"]
[ECO "D26"]
[WhiteElo "2092"]
[BlackElo "1791"]
[Annotator ""]
[PlyCount "95"]
[EventDate "2016.??.??"]
[EventType "team-tourn"]
[EventCountry "AZE"]
[SourceTitle "playchess.com"]
[Source "ChessBase"]
[WhiteTeam "Canada"]
[BlackTeam "Portugal"]
[WhiteTeamCountry "CAN"]
[BlackTeamCountry "POR"]
[TimeControl "40/5400+30:1800+30"]

1. d4 {(00:00} d5 {(00:00} 2. c4 {(00:00} dxc4 {
(00:04} 3. Nf3 {(00:00} Nf6 {(00:19} 4. e3 {(00:
00} e6 {(00:49} 5. Bxc4 {(00:01} a6 {(00:35} 6. O-O {
(00:25} b5 {(00:47} 7. Bb3 {(00:09} Bb7 {(01:11]
} 8. Nc3 {(01:16} c5 {(02:38} 9. Qe2 {(02:43} Nbd7 {
(03:45} 10. Rd1 {(02:30} Be7 {(01:59} 11. d5 {(
04:16} exd5 {(06:05} 12. Nxd5 {(00:19} Nxd5 {(02:07}
13. Bxd5 {(00:13} Bxd5 {(00:50} 14. Rxd5 {(00:05} Qc7 {
(00:59} 15. Bd2 {(09:55} Bf6 {(31:36} 16. Rd1 {(
03:33} Rd8 {(05:57} 17. a4 {(09:47} b4 {(19:04} 18. e4
{(23:01} O-O {(02:50} 19. g3 {(02:19} Ne5 {(06:
35} 20. Bf4 {(01:09} Rxd5 {(02:47} 21. Rxd5 {(00:53}
Nxf3+ {(01:19} 22. Qxf3 {(00:06} Qc6 {(00:46} 23. Rd6 {
(02:06} Qxa4 {(06:25} 24. Rxf6 {(02:29} gxf6 {(
00:49} 25. Bh6 {(00:25} Qd7 {(00:28} 26. Qxf6 {(04:17}
Qg4 {(00:42} 27. Bxf8 {(00:35} Kxf8 {(00:04} 28. Qh8+ {
(15:10} Ke7 {(00:07} 29. Qe5+ {(03:56} Kd7 {(00:
58} 30. Qd5+ {(00:07} Ke8 {(00:23} 31. Kg2 {(03:42}
Qe2 {(01:08} 32. b3 {(03:21} Qc2 {(00:57} 33. Kf3 {
(02:07} Qc3+ {(00:30} 34. Kf4 {(00:25} Qf6+ {(
00:16} 35. Ke3 {(00:55} Qc3+ {(00:20} 36. Qd3 {(00:20}
Qc1+ {(00:51} 37. Qd2 {(00:50} Qb1 {(00:22} 38. Qd3 {
(00:48} Qe1+ {(00:36} 39. Kf3 {(01:04} Qa1 {(00:
38} 40. Kf4 {(00:00} Qb2 {(00:00} 41. Kf3 {(07:24} Ke7
{(08:59} 42. h4 {(01:55} a5 {(02:44} 43. Qd5 {(
02:11} Qc3+ {(01:04} 44. Ke2 {(08:46} a4 {(10:40} 45.
Qb7+ {(00:22} Kf8 {(01:50} 46. Qc8+ {(05:16} Kg7 {
(00:32} 47. Qg4+ {(00:55} Kf8 {(00:33} 48. Qc8+ {
(00:45} 1/2-1/2

[Event "42nd Olympiad Baku 2016 Women"]
[Site "Baku"]
[Date "2016.09.08"]
[Round "6.32"]
[White "Braganza, Nadia"]
[Black "Almaha Ali Bahzad"]
[Result "1-0"]
[ECO "B27"]
[WhiteElo "1392"]
[BlackElo "1244"]
[Annotator ""]
[PlyCount "141"]
[EventDate "2016.??.??"]
[EventType "team-tourn"]
[EventCountry "AZE"]
[SourceTitle "playchess.com"]
[Source "ChessBase"]
[WhiteTeam "New Zealand"]
[BlackTeam "Qatar"]
[WhiteTeamCountry "NZL"]
[BlackTeamCountry "QAT"]
[TimeControl "40/5400+30:1800+30"]

1. e4 {(00:00} c5 {(00:00} 2. Nf3 {(00:03} g6 {(
00:10} 3. d4 {(00:45} cxd4 {(00:24} 4. Qxd4 {(02:25}
Nf6 {(00:51} 5. e5 {(08:09} Nc6 {(01:24} 6. Qa4 {
(19:41} Nd5 {(03:01} 7. Be2 {(05:42} Bg7 {(13:
29} 8. c4 {(17:40} Nc7 {(22:15} 9. Bf4 {(03:24} Ne6 {
(09:01} 10. Bg3 {(03:32} Qc7 {(06:02} 11. O-O {(
09:34} Nxe5 {(04:36} 12. Nc3 {(05:40} Nxf3+ {(02:28}
13. Bxf3 {(00:25} Qb6 {(04:10} 14. Rab1 {(02:14} O-O {
(06:32} 15. Nd5 {(01:38} Qd8 {(04:43} 16. h4 {(
01:42} h5 {(01:44} 17. Rfe1 {(03:23} Re8 {(03:53} 18.
b4 {(02:10} d6 {(03:17} 19. Qa3 {(01:17} Nd4 {(
02:34} 20. Qd3 {(00:38} Nxf3+ {(02:23} 21. Qxf3 {(00:
09} Bg4 {(02:17} 22. Qd3 {(03:14} Bf5 {(00:52} 23. Qf3
{(00:58} Bxb1 {(01:35} 24. Rxb1 {(00:07} Rc8 {(
01:29} 25. Rc1 {(00:54} b5 {(00:48} 26. c5 {(01:02} a6
{(00:36} 27. c6 {(00:36} e6 {(01:16} 28. c7 {(
00:42} Qd7 {(01:24} 29. Nb6 {(00:15} Qe7 {(00:32} 30.
Nxc8 {(00:34} Rxc8 {(00:02} 31. Qb7 {(00:35} Qd7 {
(00:31} 32. Bxd6 {(00:37} Bb2 {(01:01} 33. Rc2 {
(01:05} Bd4 {(00:32} 34. Qc6 {(02:28} Qxc6 {(00:
34} 35. Rxc6 {(00:08} Bf6 {(00:32} 36. Rxa6 {(00:19}
Bd4 {(00:30} 37. Kf1 {(01:34} e5 {(00:29} 38. Ke2 {
(00:29} f5 {(00:22} 39. Rc6 {(02:36} Kf7 {(00:
26} 40. Bc5 {(00:00} Bc3 {(00:00} 41. a4 {(09:36} bxa4
{(00:49} 42. b5 {(00:08} Bd4 {(02:43} 43. Ba3 {(
00:36} Ke8 {(05:11} 44. b6 {(01:30} Bxb6 {(00:21} 45.
Rxb6 {(00:14} Rxc7 {(00:05} 46. Kd2 {(02:16} Rd7+ {
(00:19} 47. Rd6 {(00:12} Rb7 {(00:27} 48. Ra6 {(
01:40} Rd7+ {(00:47} 49. Ke2 {(03:23} Rd4 {(00:45} 50.
Re6+ {(02:19} Kd7 {(00:43} 51. Rxe5 {(00:27} Rxh4 {
(00:35} 52. g3 {(02:34} Rc4 {(00:31} 53. Kd3 {(
01:23} Rc6 {(01:32} 54. Ra5 {(00:43} Rb6 {(00:20} 55.
Rxa4 {(00:36} Rb3+ {(00:07} 56. Kc2 {(00:20} Rf3 {
(00:57} 57. Bc5 {(00:34} Kc6 {(00:11} 58. Be3 {(
00:21} Kd5 {(00:59} 59. Kd3 {(01:02} Ke5 {(00:28} 60.
Ra5+ {(00:15} Ke6 {(00:19} 61. Kd4 {(00:14} Kf6 {
(00:15} 62. Ra6+ {(00:14} Kf7 {(00:35} 63. Ke5 {
(00:55} h4 {(02:17} 64. Ra7+ {(00:34} Kg8 {(00:
03} 65. gxh4 {(01:43} Rh3 {(00:11} 66. Kf6 {(01:06}
Rxh4 {(00:14} 67. Kxg6 {(01:17} Rg4+ {(00:41} 68. Kxf5
{(00:27} Rb4 {(00:47} 69. Kg6 {(00:40} Rg4+ {(
00:34} 70. Bg5 {(00:10} Re4 {(01:51} 71. Ra8+ {(00:18}
1-0